 Dungeon Crawl Stone Soup version 0.28-a0-662-g1651b1f1e0 (webtiles) character file.

Game seed: 3336275169694448572

274 flotson the Sneak (level 6, 0/48 HPs)
             Began as a Demonspawn Delver on Oct 14, 2021.
             Succumbed to a scorpion's poison
             ... on level 4 of the Dungeon.
             The game lasted 00:07:00 (3769 turns).

flotson the Sneak (Demonspawn Delver)               Turns: 3769, Time: 00:07:01

Health: 0/48       AC:  9    Str: 14    XL:     6   Next: 3%
Magic:  6/6        EV: 11    Int: 11    God:
Gold:   182        SH:  4    Dex: 15    Spells: 5/5 levels left

rFire   . . .      SeeInvis .   a - +0 trident (freeze)
rCold   . . .      Faith    .   (no shield)
rNeg    + . .      Spirit   .   i - +0 ring mail
rPois   +          Reflect  .   (no helmet)
rElec   .          Harm     .   (no cloak)
rCorr   .          Rampage  .   (no gloves)
Will    .....                   (no boots)
Stlth   ++........              (no amulet)
HPRegen 0.16/turn               j - ring of positive energy
MPRegen 0.10/turn               (no ring)

@: lethally poisoned (0 -> -2)
A: icemail 1, condensation shield, demonic touch 1, talons 1, poison resistance,
subdued magic 1
a: no special abilities


You were on level 4 of the Dungeon.
You visited 1 branch of the dungeon, and saw 5 of its levels.

You collected 182 gold pieces.

Inventory:

Hand Weapons
 a - a +0 trident of freezing (weapon)
 b - a +0 hunting sling
 n - a +0 hand axe
 A - a +0 battleaxe
Missiles
 o - 44 stones
 p - 6 boomerangs (quivered)
 u - 22 sling bullets
Armour
 i - a +0 ring mail (worn)
Jewellery
 j - a ring of positive energy (left hand)
 y - an amulet of regeneration
Wands
 g - a wand of digging (2)
 v - a wand of flame (10)
Scrolls
 c - a scroll of fog
 d - a scroll of amnesia {unknown}
 e - a scroll of magic mapping
 h - 3 scrolls of noise {unknown}
 k - 2 scrolls of identify {unknown}
 m - a scroll of immolation {unknown}
 q - 2 scrolls of teleportation {unknown}
 s - 2 scrolls of enchant armour {unknown}
 t - a scroll of enchant weapon {unknown}
 x - a scroll of summoning {unknown}
Potions
 r - a potion of haste
 z - a potion of mutation


   Skills:
 + Level 4.3 Fighting
 + Level 2.1 Axes
 + Level 1.4 Throwing
 + Level 2.5 Armour
 + Level 3.3 Dodging
 - Level 4.5 Stealth
 + Level 0.9 Evocations


You had 5 spell levels left.
You didn't know any spells.
Your spell library contained the following spells:

 Spells                   Type           Power      Damage    Failure   Level
 Pain                     Necr           0%         1d4       52%         1
 Dazzling Flash           Conj/Hex       0%         N/A       89%         3
 Iskenderun's Mystic Bla  Conj/Tloc      0%         2d3       100%        4
 Agony                    Necr           0%         N/A       100%        5
 Excruciating Wounds      Necr           0%         N/A       100%        5
 Starburst                Conj/Fire      0%         6d3       100%        6


Dungeon Overview and Level Annotations

Branches:
Dungeon (5/15)             Temple (0/1) D:4

Altars:
Gozag
Zin

Annotations:
D:4 Eustachio


Innate Abilities, Weirdness & Mutations

A meltable icy envelope protects you from harm. (AC +4)
A meltable shield of frost defends you. (SH +4)
Your touch may inflict minor irresistible damage on your foes.
You have sharp toenails.
Your system is resistant to poisons. (rPois)
Your spells are a little easier to cast, but a little less powerful.


Message History

You feel sick.
The scorpion stings you but does no damage.
The scorpion stings you.
* * * LOW HITPOINT WARNING * * *
You hit the scorpion. You freeze the scorpion.
You kill the scorpion!
* * * LOW HITPOINT WARNING * * *
You feel sick.
You have reached level 6!
Your experience leads to an increase in your attributes!
Increase (S)trength, (I)ntelligence, or (D)exterity?
You feel stronger.
Your demonic ancestry asserts itself...
An icy envelope takes form around you.
There is a lethal amount of poison in your body!
It was a potion of mutation.
You feel extremely strange.
Your connection to magic feels subdued.
Your toenails lengthen and sharpen.
You feel resistant to poisons.
* * * LOW HITPOINT WARNING * * *
You feel sick.
Unknown command.
There is a lethal amount of poison in your body!
It was a potion of attraction.
You feel attractive to monsters.
It was a potion of lignification.
You turn into a tree.
Your +0 ring mail melds into your body.
Your roots penetrate the ground.
* * * LOW HITPOINT WARNING * * *
You feel sick.
There is a lethal amount of poison in your body!
It was a potion of cancellation.
Your magical effects are unravelling.
You feel magically purged.
You feel less wooden.
Your +0 ring mail unmelds from your body.
You feel yourself slow down.
* * * LOW HITPOINT WARNING * * *
You feel sick.
You feel less attractive to monsters.
You start putting on your amulet.
You continue putting on your amulet of regeneration.
Keep equipping yourself?
You die...

*,**+**+***,,,,,,,,* ##<
*,*,,,...,,,,,,,,,,* #..
*,****#.#*,,,,,,######.♣
*,,,,,...,,,,,,##...##..
******#.#**,,,,#<.♣..##.
#.# *****##...'##. #.#
#####... #?# #......♣
#@# #....... #.#
#....... #.# #.######
#.#########.######
#................)
###########.......
########


There were no monsters in sight!

Vanquished Creatures
  A scorpion (D:4)
  A centaur skeleton (D:4)
  Ijyb (D:3)
  2 orc wizards
  3 gnolls (D:4)
  An adder (D:2)
  A worm (D:3)
  2 dart slugs
  7 orcs
  5 endoplasms
  2 giant cockroaches
  9 hobgoblins
  8 jackals
  2 quokkas (D:1)
  5 ball pythons
  6 bats
  A frilled lizard (D:1)
  7 goblins
  3 kobolds
  3 rats
70 creatures vanquished.

Vanquished Creatures (others)
  12 plants (D:2)
12 creatures vanquished.

Grand Total: 82 creatures vanquished

Notes
Turn   | Place    | Note
-------+----------+-------------------------------------------
     0 | D:5      | flotson the Demonspawn Delver began the quest for the Orb.
     0 | D:5      | Reached XP level 1. HP: 18/18 MP: 1/1
    40 | D:4      | Noticed Eustachio
    74 | D:4      | Noticed a gnoll shaman
   124 | D:4      | Noticed an orc wizard
   237 | D:1      | Gained mutation: A meltable shield of frost defends you.
                  | (SH +4) [demonic ancestry]
   237 | D:1      | Reached XP level 2. HP: 18/24 MP: 2/2
   444 | D:1      | Reached skill level 1 in Armour
   609 | D:1      | Reached XP level 3. HP: 28/29 MP: 3/3
   693 | D:1      | Found a faded altar of an unknown god.
  2206 | D:3      | Reached XP level 4. HP: 33/37 MP: 4/4
  2387 | D:3      | Noticed Ijyb
  2394 | D:3      | Killed Ijyb
  2954 | D:3      | Found an opulent altar of Gozag.
  3035 | D:4      | Gained mutation: Your touch may inflict minor irresistible
                  | damage on your foes. [demonic ancestry]
  3035 | D:4      | Reached XP level 5. HP: 42/42 MP: 5/5
  3375 | D:4      | Reached skill level 1 in Throwing
  3765 | D:4      | Gained mutation: A meltable icy envelope protects you from
                  | harm. (AC +4) [demonic ancestry]
  3765 | D:4      | Reached XP level 6. HP: 4/48 MP: 6/6
  3765 | D:4      | Gained mutation: Your spells are a little easier to cast,
                  | but a little less powerful. [potion of mutation]
  3765 | D:4      | Gained mutation: You have sharp toenails. [potion of
                  | mutation]
  3765 | D:4      | Gained mutation: Your system is resistant to poisons.
                  | (rPois) [potion of mutation]
  3767 | D:4      | HP: 3/72 [poisoned by a scorpion]
  3768 | D:4      | HP: 1/48 [poisoned by a scorpion]
  3769 | D:4      | Succumbed to a scorpion's poison

Illustrated notes

Levels and vault maps discovered:
D:1:      enne_arrival_octagon_isle, layout_rooms, basic_ecumenical_altar
D:2:      layout_loops_corners, serial_bayou, serial_bayou_crossing,
          serial_bayou_pond_a, serial_bayou_pond_d, serial_bayou_pond_a
D:3:      layout_loops_ring, pdpol_temple_overflow_zin_treasury_gozag_greed,
          uniq_ijyb
D:4:      layout_basic, minmay_temple_entry_trees, minmay_misc_feat_five,
          grunt_ministairs_4, lightli_corner_chamber, uniq_eustachio
D:5:      layout_rooms, mainiacjoe_overflow_concentric_impassable,
          uniq_prince_ribbit1, uniq_blork_the_orc

Skill      XL: |  1  2  3  4  5 |
---------------+----------------+-----
Dodging        | 2 3 |  3.3
Armour         | 1 2 |  2.5
Fighting       | 4 |  4.3
Throwing       | 1 |  1.4
Axes           | 2 |  2.1
Stealth        | |  4.5
Evocations     | |  0.9

Action                   |  1- 3 |  4- 6 || total
-------------------------+-------+-------++-------
Melee: Hand axe          |   108 |       ||   108
       Battleaxe         |    40 |    70 ||   110
       Trident           |       |    34 ||    34
       Touch             |       |     5 ||     5
Evoke: Wand              |     2 |       ||     2
  Use: Potion            |     4 |     6 ||    10
       Scroll            |     2 |       ||     2
 Stab: Sleeping          |     7 |     2 ||     9
       Distracted        |       |     1 ||     1
Armor: Ring mail         |    69 |    32 ||   101
Dodge: Dodged            |    73 |    68 ||   141
Block: Other             |    30 |    14 ||    44

Table legend: (Time is in decaauts)
 A = Elapsed time spent in this place.
 B = Non-inter-level travel time spent in this place.
 C = Inter-level travel time spent in this place.
 D = Time resting spent in this place.
 E = Time spent auto-exploring this place.
 F = Levels seen in this place.
 G = Mean time per level.
                   A        B        C        D        E       F      G
               +--------+--------+--------+--------+--------+-----+--------+
         Total |   3839 |   3735 |    104 |    208 |   2717 |   5 |  767.8 |
       Dungeon |   3839 |   3735 |    104 |    208 |   2717 |   5 |  767.8 |
               +--------+--------+--------+--------+--------+-----+--------+

Top non-repeatable levels by time:
     D:2: 1213 daAuts
     D:3: 911 daAuts
     D:4: 840 daAuts
     D:1: 838 daAuts
     D:5: 36 daAuts
